 Dungeon Crawl Stone Soup version 0.31-a0-538-gbc85326fa9 (webtiles) character file.

Game seed: 2410040814205293744

1556 Fodor the Chopper (level 8, -1/70 HPs)
             Began as a Minotaur Fighter on Aug 14, 2023.
             Slain by a cyclops (9 damage)
             ... on level 6 of the Dungeon.
             The game lasted 00:28:44 (5055 turns).

Fodor the Chopper (Minotaur Fighter)                Turns: 5055, Time: 00:28:44

Health: -1/70      AC: 15    Str: 22    XL:     8   Next: 58%
Magic:  7/7        EV:  7    Int:  5    God:
Gold:   255        SH:  5    Dex: 11    Spells: 7/7 levels left

rFire   . . .        o - +1 hand axe (heavy)
rCold   . . .        c - +0 buckler
rNeg    . . .        j - +2 plate armour
rPois   .            (helmet restricted)
rElec   .            (no cloak)
rCorr   .            (no gloves)
SInv    .            (no boots)
Will    .....        (no amulet) Stlth
                     (no ring)
HPRegen 0.31/turn    (no ring)
MPRegen 0.10/turn

%: no passive effects
@: weakened
A: horns 2, retaliatory headbutt
a: no special abilities


You were on level 6 of the Dungeon.
You visited 1 branch of the dungeon, and saw 6 of its levels.

You collected 255 gold pieces.

Inventory:

Hand Weapons
 i - a +0 war axe
 o - a +1 heavy hand axe (weapon)
Missiles
 e - 10 poisoned darts
 q - 3 javelins (quivered)
Armour
 c - a +0 buckler (worn)
 j - a +2 plate armour (worn)
Jewellery
 s - a ring of ice
 t - a ring of protection from fire
 w - a ring of resist corrosion
Wands
 x - a wand of polymorph (10)
Scrolls
 b - 3 scrolls of identify
 g - a scroll of noise {unknown}
 l - a scroll of revelation {unknown}
 m - a scroll of torment {unknown}
 n - a scroll of acquirement {unknown}
 p - a scroll of immolation {unknown}
 r - a scroll of teleportation {unknown}
Potions
 a - a potion of curing {unknown}
 d - 2 potions of might
 k - a potion of heal wounds {unknown}
 u - a potion of ambrosia {unknown}
 v - a potion of invisibility {unknown}


   Skills:
 + Level 6.1 Fighting
 + Level 4.3 Long Blades
 + Level 7.8 Axes
 + Level 1.1 Throwing
 + Level 7.4 Armour
 + Level 1.6 Dodging
 + Level 5.4 Shields


You had 7 spell levels left.
You didn't know any spells.
Your spell library was empty.

Dungeon Overview and Level Annotations

Branches:
Dungeon (6/15)
 Temple: D:4-7

Altars:


Innate Abilities, Weirdness & Mutations

You have a pair of horns on your head.
You reflexively headbutt those who attack you in melee.


Message History

As you read the scroll of enchant armour, it crumbles to dust.
Your +0 plate armour glows green for a moment.
As you read the scroll of enchant armour, it crumbles to dust.
Your +1 plate armour glows green for a moment.
The cyclops closely misses you.
As you read the scroll of identify, it crumbles to dust.
f - a scroll of fear A sky beast appears from thin air!
Reactivating autopickup.
You slash the cyclops!
The cyclops is moderately wounded.
The gnoll bouda gazes fiercely through you!
You feel your attacks grow feeble. The cyclops hits you!!
You hit the cyclops.
The cyclops is moderately wounded.
The cyclops hits you!
You hit the cyclops but do no damage. You headbutt the cyclops.
The cyclops is moderately wounded.
The cyclops hits you!
* * * LOW HITPOINT WARNING * * *
You hit the cyclops. You headbutt the cyclops.
The cyclops is heavily wounded.
The gnoll bouda gazes fiercely through you!
You feel as though you will be weak longer.
The sky beast flickers out of sight!
Deactivating autopickup; reactivate with Ctrl-A.
You block the cyclops's attack.
Welcome back, Fodor the Minotaur Fighter.
Press ? for a list of commands and other information.
As you read the scroll of fear, it crumbles to dust.
You assume a fearsome visage.
The gnoll bouda looks frightened!
The cyclops looks frightened!
A sky beast appears from thin air!
There is an open door, spattered with blood here.
You slash the cyclops!
Your attack snaps the cyclops out of its fear.
The cyclops is severely wounded.
The cyclops hits you!
You die...

. #.# ... .>###.#
#.# .....## #.#
#...## +#.#+ .. .
#....###...###....
#.#
#........8........
##...###...###..
#..##.[#.#'~## #
#.##...#.#.@.# ..
#.#...##.##.C.# ...
#.#(.##...##Yg#....
#.####.....####.(#
#................#
########..#......#.
#.# ##.......... #
########.#
###..#.#.#. .
.........#
#..#...... .


You could see a cyclops, a sky beast (fleeing) and a gnoll bouda (fleeing).

Vanquished Creatures
  Pikel (D:4)
  Duvessa (D:5)
  A black bear (D:4)
  A phantom (D:5)
  2 bullfrogs (D:6)
  Dowan (D:5)
  3 hounds
  A jelly (D:5)
  2 orc priests (D:3)
  A gnoll bouda (D:5)
  6 iguanas
  2 orc wizards
  Robin (D:2)
  7 adders
  7 gnolls
  A white imp (D:5)
  2 worms
  2 dart slugs (D:2)
  14 orcs
  7 ball pythons
  5 endoplasms
  6 giant cockroaches
  9 goblins
  5 hobgoblins
  6 quokkas
  3 bats
  3 frilled lizards
  9 kobolds
  3 rats
112 creatures vanquished.

Notes
Turn   | Place    | Note
-------+----------+-------------------------------------------
     0 | D:1      | Fodor the Minotaur Fighter began the quest for the Orb.
     0 | D:1      | Reached XP level 1. HP: 19/19 MP: 0/0
   553 | D:1      | Reached XP level 2. HP: 27/27 MP: 1/1
  1140 | D:2      | Reached XP level 3. HP: 34/34 MP: 2/2
  1443 | D:2      | Noticed Robin
  1450 | D:2      | Killed Robin
  1451 | D:2      | Reached XP level 4. HP: 36/41 MP: 3/3
  1712 | D:3      | Found a faded altar of an unknown god.
  1863 | D:3      | Reached XP level 5. HP: 46/47 MP: 4/4
  2247 | D:3      | Reached skill level 5 in Armour
  2361 | D:3      | Identified the +0 leather armour "Ziownutobb" {Will++ Int-4
                  | Dex+3}
  2614 | D:4      | Noticed a black bear
  2617 | D:4      | Killed a black bear
  2618 | D:4      | Reached XP level 6. HP: 53/53 MP: 5/5
  2619 | D:4      | Noticed Pikel
  2636 | D:4      | HP: 3/79 [adder (3)]
  2641 | D:4      | HP: 3/79 [Pikel/+1 whip of flaming (1)]
  2643 | D:4      | Killed Pikel
  2644 | D:4      | Reached skill level 5 in Fighting
  2644 | D:4      | Reached skill level 5 in Axes
  2644 | D:4      | Reached skill level 1 in Dodging
  2644 | D:4      | Reached XP level 7. HP: 5/61 MP: 6/6
  3496 | D:5      | Entered Level 5 of the Dungeon
  3568 | D:5      | Reached skill level 1 in Throwing
  3808 | D:5      | Reached skill level 5 in Shields
  3808 | D:5      | Reached XP level 8. HP: 58/69 MP: 7/7
  4231 | D:5      | Noticed Duvessa
  4231 | D:5      | Noticed Dowan
  4240 | D:5      | Killed Duvessa
  4251 | D:5      | Killed Dowan
  5041 | D:6      | Noticed a cyclops
  5055 | D:6      | Slain by a cyclops

Illustrated notes

Levels and vault maps discovered:
D:1:      matt_arrival_refuge, layout_loops_ring, grunt_decor_resistance,
          nrook_campfire
D:2:      layout_loops_ring, uniq_robin
D:3:      layout_loops_cross, shapermc_ecumenical_altar_venn,
          grunt_ministairs_4, mrwooster_statue_mirror
D:4:      layout_basic, chequers_garden, uniq_pikel
D:5:      layout_loops_cross, uniq_duvessa
D:6:      cheibrodos_barr_body, layout_basic

Skill      XL: |  1  2  3  4  5  6  7  8 |
---------------+-------------------------+-----
Long Blades    | 3 4 |  4.3
Fighting       | 4 5 6 |  6.1
Armour         | 4 5 6 7 |  7.4
Shields        | 4 5 |  5.4
Axes           | 3 5 6 7 |  7.8
Dodging        | 1 |  1.6
Throwing       | 1 |  1.1

Action                     |  1- 3 |  4- 6 |  7- 9 || total
---------------------------+-------+-------+-------++-------
  Melee: Long sword        |    78 |    19 |       ||    97
         Headbutt          |    15 |    13 |    23 ||    51
         War axe           |       |    53 |       ||    53
         Hand axe          |       |    31 |   126 ||   157
  Throw: Javelin           |       |     2 |       ||     2
    Use: Potion            |       |     3 |       ||     3
         Scroll            |       |       |     5 ||     5
 Armour: Scale mail        |    17 |       |       ||    17
         Chain mail        |    31 |    11 |       ||    42
         Plate armour      |       |    67 |    80 ||   147
         Skin              |       |    10 |       ||    10
  Dodge: Dodged            |    53 |    50 |    31 ||   134
  Block: Buckler           |    19 |    36 |    23 ||    78

Table legend: (Time is in decaauts)
 A = Elapsed time spent in this place.
 B = Non-inter-level travel time spent in this place.
 C = Inter-level travel time spent in this place.
 D = Time resting spent in this place.
 E = Time spent auto-exploring this place.
 F = Levels seen in this place.
 G = Mean time per level.
                   A        B        C        D        E       F      G
               +--------+--------+--------+--------+--------+-----+--------+
         Total |   5194 |   4974 |    220 |    708 |      0 |   6 |  865.7 |
       Dungeon |   5194 |   4974 |    220 |    708 |      0 |   6 |  865.7 |
               +--------+--------+--------+--------+--------+-----+--------+

Top non-repeatable levels by time:
     D:5: 1057 daAuts
     D:3: 949 daAuts
     D:1: 940 daAuts
     D:4: 911 daAuts
     D:2: 791 daAuts
     D:6: 543 daAuts
